 Dungeon Crawl Stone Soup version 0.30-a0-900-g23479c02f2 (webtiles) character file.

Game seed: 10401633623499147978

197964 zazu2006 the Unseen (level 18, -7/179 HPs)
             Began as a Naga Hedge Wizard on Mar 18, 2023.
             Was a High Priest of Vehumet.
             Killed from afar by a will-o-the-wisp (16 damage)
             ... with a foxfire
             ... on level 2 of the Swamp.
             The game lasted 02:33:16 (45064 turns).

zazu2006 the Unseen (Naga Hedge Wizard)            Turns: 45064, Time: 02:33:17

Health: -7/179     AC: 16    Str: 20    XL:     18   Next: 42%
Magic:  27/32      EV: 19    Int: 16    God:    Vehumet [*****.]
Gold:   2544       SH: 12    Dex: 18    Spells: 5/38 levels left

rFire   . . .      SeeInvis +    u - +2 scimitar (flame)
rCold   + . .      Faith    .    R - +0 buckler
rNeg    . . .      Spirit   .    c - +1 leather armour {rC+}
rPois   +          Reflect  +    n - +2 hat
rElec   .          Rampage  .    G - +1 cloak {Stlth+}
rCorr   .                        F - +2 pair of gloves
Will    ++...                    (no barding)
Stlth   +++++++++                v - amulet of reflection
HPRegen 0.49/turn                k - +5 ring of evasion
MPRegen 0.23/turn                w - +6 ring of dexterity

@: about to teleport, on blink cooldown, studying Unarmed Combat, very slow
A: AC +6, large, see invisible, deformed body, poison resistance, slowness 2,
spit poison 1, naga tail 2, robust 1, strong 1, sturdy frame 1
}: 1/15 runes: gossamer
a: Spit Poison, Renounce Religion


You were on level 2 of the Swamp.
You worshipped Vehumet.
Vehumet was extremely pleased with you.
You visited 6 branches of the dungeon, and saw 29 of its levels.
You also visited: Ice Cave.

You collected 2708 gold pieces.
You spent 164 gold pieces at shops.

Inventory:

Hand Weapons
 j - a +1 scimitar of freezing
 u - a +2 scimitar of flaming (weapon)
Armour
 c - a +1 leather armour of cold resistance (worn)
 n - a +2 hat (worn)
 F - a +2 pair of gloves (worn)
 G - a +1 cloak of stealth (worn)
 R - a +0 buckler (worn)
Jewellery
 k - a +5 ring of evasion (left hand)
 p - a ring of protection from fire
 v - an amulet of reflection (around neck)
 w - a +6 ring of dexterity (right hand)
Wands
 N - a wand of acid (4)
 T - a wand of digging (11)
 W - a wand of roots (18)
 Y - a wand of mindburst (7)
Scrolls
 a - 5 scrolls of summoning
 f - 10 scrolls of fog
 h - 6 scrolls of magic mapping
 C - 4 scrolls of noise
 J - 5 scrolls of poison
 X - a scroll of fear
Potions
 b - 8 potions of cancellation
 d - 5 potions of magic
 e - 4 potions of ambrosia
 g - a potion of heal wounds
 o - 8 potions of lignification
 r - 5 potions of attraction
 s - 2 potions of berserk rage
 t - 7 potions of flight
 B - 5 potions of brilliance
 D - 8 potions of haste
 K - 11 potions of curing
 S - 4 potions of resistance
 U - 4 potions of might


   Skills:
 + Level 10.7 Fighting
 + Level 14.9 Long Blades
 + Level 0.3 Throwing
 + Level 4.3 Armour
 + Level 9.0 Dodging
 + Level 20.6 Stealth
 + Level 8.6 Shields
 + Level 10.6 Spellcasting
 + Level 9.2 Conjurations
 + Level 1.1 Hexes
 + Level 1.2 Summonings
 + Level 2.9 Translocations
 + Level 0.7 Fire Magic
 + Level 5.9 Air Magic
 + Level 6.2 Earth Magic
 + Level 13.0 Poison Magic
 + Level 1.3 Evocations


You had 5 spell levels left.
You knew the following spells:

 Your Spells              Type           Power      Damage    Failure   Level
a - Magic Dart            Conj           100%       1d8       1%          1
b - Mephitic Cloud        Conj/Pois/Air  38%        N/A       1%          3
c - Iskenderun's Mystic   Conj/Tloc      27%        2d7       2%          4
d - Blink                 Tloc           34%        N/A       4%          2
e - Dazzling Flash        Conj/Hex       50%        N/A       1%          3
f - Lightning Bolt        Conj/Air       16%        1d30      3%          5
g - Iron Shot             Conj/Erth      16%        9d4       17%         6
h - Flame Wave            Conj/Fire      24%        2d8       4%          4
i - Fireball              Conj/Fire      12%        3d7       11%         5

Your spell library contained the following spells:

 Spells                   Type           Power      Damage    Failure   Level
 Lehudib's Crystal Spear  Conj/Erth      16%        10d5      99%         8
 Ignition                 Fire           5%         3d4       100%        8
 Shatter                  Erth           14%        3d14*     100%        9
 Foxfire                  Conj/Fire      96%        2x1d8     1%          1
 Cigotuvi's Dreadful Rot  Necr/Pois/Air  56%        N/A       1%          2
 Poisonous Vapours        Pois/Air       76%        N/A       1%          2
 Static Discharge         Conj/Air       64%        2-5/arc   1%          2
 Ignite Poison            Fire/Tmut/Pois 23%        N/A       1%          3
 Kindle Blastsparks       Fire/Tloc/Air  36%        2d13      2%          3
 Airstrike                Air            13%        2d(2-18)  2%          4
 Fulminant Prism          Conj/Hex       12%        3d8       3%          4
 Arcjolt                  Conj/Air       16%        1d26      3%          5
 Vhi's Electric Charge    Tloc/Air       44%        N/A       4%          3
 Sticky Flame             Conj/Fire      24%        2d5       4%          4
 Summon Small Mammal      Summ           48%        N/A       6%          1
 Inner Flame              Hex/Fire       11%        N/A       6%          3
 Lee's Rapid Deconstruct  Erth           14%        3d9*      6%          5
 Slow                     Hex            48%        N/A       7%          1
 Call Imp                 Summ           12%        N/A       10%         2
 Necrotise                Necr           32%        1d5       11%         1
 Freezing Cloud           Conj/Ice/Air   12%        6-21      11%         5
 Portal Projectile        Hex/Tloc       28%        N/A       14%         3
 Call Canine Familiar     Summ           12%        N/A       19%         3
 Summon Guardian Golem    Hex/Summ       12%        N/A       19%         3
 Confusing Touch          Hex            12%        N/A       21%         3
 Leda's Liquefaction      Hex/Erth       10%        N/A       22%         4
 Summon Lightning Spire   Summ/Air       20%        N/A       24%         4
 Vampiric Draining        Necr           8%         2d6       30%         3
 Manifold Assault         Tloc           17%        N/A       32%         4
 Summon Ice Beast         Ice/Summ       10%        N/A       63%         4
 Agony                    Necr           8%         N/A       96%         5
 Orb of Destruction       Conj           19%        9d8       45%         7
 Spellforged Servitor     Conj/Summ      12%        N/A       92%         7
 Monstrous Menagerie      Summ           6%         N/A       100%        7
 Storm Form               Tmut/Air       9%         N/A       100%        7
 Maxwell's Capacitive Co  Air            13%        ∞         100%        8


Dungeon Overview and Level Annotations

Branches:
Dungeon (15/15)            Temple (1/1) D:4            Lair (5/5) D:10
  Swamp (2/4) Lair:3       Spider (4/4) Lair:3        Slime (0/5) Lair:5
    Orc (2/2) D:9             Elf (0/3) Orc:2        Vaults (0/5) D:14
 Depths (0/4) D:15          IceCv (visited)

Altars:
Ashenzari
Cheibriados
Dithmenos
Elyvilon
Fedhas
Gozag
Hepliaklqana
Kikubaaqudgha
Makhleb
Nemelex Xobeh
Okawaru
Qazlal
Ru
Sif Muna
Trog
Uskayaw
Vehumet
Wu Jian
Xom
Yredelemnul
Zin
The Shining One
Jiyva
Lugonu

Shops:
D:14 *[   Orc:1 ::*   Orc:2 =?(!

Portals:
Abyss: Spider:3

Annotations:
D:13 4 transporters


Innate Abilities, Weirdness & Mutations

Your serpentine skin is tough. (AC +6)
You have supernaturally acute eyesight. (SInv)
Armour fits poorly on your strangely shaped body.
Your system is resistant to poisons. (rPois)
You cover ground very slowly.
You can spit poison.
You can use your snake-like lower body to constrict enemies.
You are robust. (+10% HP)
Your muscles are strong. (Str +4, Int/Dex -1)
Your movements are slightly less encumbered by armour. (ER -2)


Message History

The spriggan appears confused.
The spriggan hits the tyrant leech with a +0 rapier!
The tyrant leech is engulfed in noxious fumes.
The tyrant leech appears confused. 2 foxfires come into view.
Unknown command.
Unknown command.
Casting: Mephitic Cloud (safe; 1% risk of failure)
Confirm with . or Enter, or press ? or * to list all spells.
You blink.
You lose your grip on the swamp drake.
The spriggan barely misses you.
The spriggan is engulfed in noxious fumes.
The spriggan appears confused.
The spriggan hits the swamp drake with a +0 rapier!
The swamp drake is killed!
Vehumet accepts your kill.
You feel your power returning.
The spriggan hits itself with a +0 rapier!
The foxfire hits you!
* * * LOW HITPOINT WARNING * * *
Unknown command.
The spriggan seems less confused.
The foxfire hits you!!
* * * LOW HITPOINT WARNING * * *
The tyrant leech bites the spriggan!
The tyrant leech draws strength from the spriggan's injuries!
The will-o-the-wisp gestures.
The will-o-the-wisp conjures some foxfire!
You block the spriggan's attack. 2 foxfires come into view.
As you read the scroll of teleportation, it crumbles to dust.
You feel strangely unstable. The foxfire hits you.
* * * LOW HITPOINT WARNING * * *
The spriggan is engulfed in noxious fumes.
The spriggan appears confused.
The spriggan hits the tyrant leech with a +0 rapier.
You block the spriggan's attack.
The will-o-the-wisp gestures.
The will-o-the-wisp conjures some foxfire!
The foxfire hits you!
You die...

~~~~~~~.~~≈≈≈ .♣ ♣§.
..[~~~~~~~~~~~≈♣♣.♣♣ ♣♣♣♣ ♣♣♣♣
~~~~~~§~~~~~~.♣♣..)♣♣ ..~♣ ♣♣...
~~~~~~).~~~~~.♣(....♣♣..♣ ♣<~..
~~~~~~....~~~~~...♣.~.~~ ♣~...
§~~~~~....~~~§~~~♣.~~.♣♣ ♣♣>.~
.~~~~~...†~~~~§~~~~~~~~♣♣ ♣.~~~
~~~~.....~~○§§v§~~~~†~..♣♣ ♣~~~.
D~~~....~~~viwi@†.~~~....♣ ♣.~.~
>~~~.....~~vv~..♣.~~...♣~♣♣♣...§
~.~~~~~..~♣♣♣♣♣~~~~~..♣..)~~~♣~~
v~~§~~~..♣♣ ♣♣♣~~~.§♣.~..♣♣♣~.
.i~§~~~.§. ♣..~~♣♣♣~~~♣ ♣~.
........♣♣. ♣...♣♣♣ ♣♣...♣♣♣)
..~♣♣♣~.. ♣ ♣.~♣♣ ♣♣~.~♣♣♣ ..~
♣~.. ♣♣♣♣ ♣♣..♣ .♣♣


You could see a tyrant leech (confused), a will-o-the-wisp and 2 spriggans.

Vanquished Creatures
  Gastronok (Lair:3)
  3 emperor scorpions
  4 ghost moths
  A stone giant (Orc:1)
  2 broodmothers
  An eleionoma (Swamp:1)
  2 spark wasps
  A bunyip (Swamp:1)
  The ghost of jasper the Fighter, a journeyman DsWn of Ashenzari (Orc:1)
  4 entropy weavers
  A shambling mangrove (Swamp:1)
  Erolcha (Orc:2)
  2 rakshasas
  9 hydras
  4 vault guards (D:14)
  Harold (Orc:2)
  A ghost crab (Swamp:2)
  4 jorogumos
  2 ogre magi (Orc:2)
  9 centaur warriors
  8 two-headed ogres
  2 radroaches
  9 alligators
  Erica (Lair:1)
  5 catoblepae
  6 boulder beetles
  A death knight (D:14)
  9 death yaks
  A deep troll shaman (Lair:5)
  An orc high priest (Orc:1)
  8 pharaoh ants
  A deep elf knight (D:15)
  A skyshark (Lair:3)
  2 goliath frogs (Swamp:1)
  5 sun moths
  4 skeletal warriors (D:14)
  3 swamp dragons
  2 spriggan druids
  8 bog bodies
  8 orb spiders
  2 orc knights
  Pikel (D:6)
  A lindwurm (Lair:5)
  12 steelbarb worms
  5 deep elf pyromancers
  The ghost of hikkokomori the Spear-Bearer, a novice MfGl of Okawaru (D:7)
  A necromancer (IceCv)
  10 orc sorcerers
  16 wolf spiders
  12 ugly things
  A salamander (shapeshifter) (D:15)
  2 will-o-the-wisps
  4 cyclopes
  The ghost of AverageBear the Nimble, a novice OpFi (D:5)
  2 ice statues (IceCv)
  4 manticores
  7 moths of wrath
  15 elephants
  11 demonic crawlers
  Maurice (D:11)
  6 torpor snails
  A water nymph (shapeshifter) (D:14)
  3 black mambas
  3 gargoyles
  10 cane toads
  4 rime drakes
  7 ice devils
  A komodo dragon (shapeshifter) (D:12)
  4 unseen horrors
  A yaktaur (D:12)
  2 anaconda simulacra (IceCv)
  10 komodo dragons
  5 tyrant leeches
  A merfolk (D:15)
  7 meliai
  A bloated husk (Swamp:1)
  2 polar bears
  A wolf spider simulacrum (D:15)
  Prince Ribbit (D:6)
  15 blink frogs
  3 hornets
  28 tarantellas
  6 trolls
  6 slime creatures
  Sigmund (D:3)
  2 wraiths
  23 jumping spiders
  3 wyverns
  A spriggan (Swamp:1)
  A shadow (D:11)
  17 culicivoras
  A centaur simulacrum (D:15)
  A jumping spider (shapeshifter) (D:14)
  40 yaks
  A hog (shapeshifter) (D:14)
  5 steam dragons
  4 basilisks
  54 redbacks
  A death yak simulacrum (IceCv)
  2 unseen horror simulacra (D:7)
  6 vampire mosquitoes (D:12)
  Edmund (D:5)
  5 harpy simulacra (IceCv)
  9 swamp worms
  An acid dragon (D:5)
  3 hydra simulacra (IceCv)
  2 wargs
  15 water moccasins
  2 hell hounds (D:15)
  Duvessa (D:5)
  22 orc warriors
  A swamp drake (Swamp:2)
  3 black bears
  A sky beast (D:7)
  A meliai simulacrum (D:14)
  An ice beast (D:6)
  3 centaurs
  A boggart (D:11)
  40 wolves
  7 ogres
  2 lemures (D:6)
  2 phantoms (D:7)
  A spectral wyvern (D:7)
  4 kobold brigands
  17 bullfrogs
  5 scorpions
  A gnoll sergeant (D:7)
  14 wights
  Dowan (D:5)
  An elephant simulacrum (IceCv)
  11 howler monkeys
  3 electric eels
  4 jellies
  15 orc priests
  Crazy Yiuf (D:5)
  7 hounds
  A gnoll bouda (D:7)
  A centaur skeleton (D:7)
  6 iguanas
  2 sleepcaps
  33 orc wizards
  Terence (D:3)
  2 hell rats (D:15)
  4 polar bear simulacra (D:11)
  A yak simulacrum (D:11)
  2 wolf simulacra (D:11)
  A howler monkey zombie (D:7)
  Robin (D:3)
  11 gnolls
  8 adders
  A naga simulacrum (IceCv)
  4 river rats (D:15)
  A white imp (IceCv)
  3 ufetubi
  2 worms
  A dart slug (D:2)
  88 orcs
  8 ball pythons
  10 endoplasms
  9 giant cockroaches
  20 goblins
  3 hobgoblins
  13 jackals
  7 quokkas
  5 bats
  9 frilled lizards
  35 kobolds
  8 rats
  4 river rat simulacra (D:11)
  A lurking horror (Spider:3)
1053 creatures vanquished.

Vanquished Creatures (collateral kills)
  A tarantella (Spider:1)
  3 jumping spiders
  A culicivora (Spider:1)
  3 redbacks
8 creatures vanquished.

Vanquished Creatures (others)
  A necromancer (D:11)
  A bloated husk (Swamp:1)
  A culicivora (Spider:1)
  A spriggan (Swamp:1)
  A wolf (Lair:3)
  An orc wizard (D:11)
  A spectral howler monkey (D:7)
  An orc (Orc:2)
  A quokka (D:5)
  A bush (Lair:5)
  24 foxfires
  54 fungi
  103 plants
191 creatures vanquished.

Grand Total: 1252 creatures vanquished

Notes
Turn   | Place    | Note
-------+----------+-------------------------------------------
     0 | D:1      | zazu2006 the Naga Hedge Wizard began the quest for the Orb.
     0 | D:1      | Reached XP level 1. HP: 15/15 MP: 4/4
   258 | D:1      | Reached XP level 2. HP: 22/22 MP: 1/6
   676 | D:1      | Reached XP level 3. HP: 30/30 MP: 5/7
  1331 | D:1      | Learned a level 3 spell: Mephitic Cloud
  1334 | D:1      | Learned a level 2 spell: Blink
  2289 | D:3      | Reached XP level 4. HP: 37/37 MP: 4/9
  2361 | D:3      | Found a basalt altar of Yredelemnul.
  2369 | D:3      | Noticed Terence
  2382 | D:3      | Killed Terence
  2528 | D:3      | Noticed Sigmund
  2791 | D:3      | Killed Sigmund
  2792 | D:3      | Reached skill level 1 in Long Blades
  2792 | D:3      | Reached XP level 5. HP: 43/43 MP: 2/11
  2792 | D:3      | Reached XP level 6. HP: 50/50 MP: 2/12
  2934 | D:3      | Noticed Robin
  2955 | D:3      | Killed Robin
  3316 | D:3      | Found a sparkling altar of Nemelex Xobeh.
  3600 | D:4      | Reached XP level 7. HP: 55/56 MP: 8/14
  3700 | D:4      | Found a glowing golden altar of the Shining One.
  3824 | D:4      | Identified the +0 scale mail "Nasimpis" {rF+ rN+ Int+3
                  | Dex-3}
  3912 | D:4      | Reached skill level 1 in Fighting
  3912 | D:4      | Reached skill level 4 in Stealth
  4228 | D:4      | Found a shadowy altar of Dithmenos.
  4278 | D:4      | Found a staircase to the Ecumenical Temple.
  4290 | Temple   | Entered the Ecumenical Temple
  4449 | D:4      | Found a hazy altar of Hepliaklqana.
  4871 | D:4      | Reached skill level 5 in Spellcasting
  4991 | D:5      | Entered Level 5 of the Dungeon
  5128 | D:5      | Noticed Duvessa
  5144 | D:5      | Noticed Dowan
  5158 | D:5      | Killed Duvessa
  5159 | D:5      | Reached skill level 1 in Air Magic
  5159 | D:5      | Reached XP level 8. HP: 47/64 MP: 6/15
  5172 | D:5      | Killed Dowan
  5633 | D:5      | Noticed Edmund
  5656 | D:5      | Killed Edmund
  5731 | D:5      | Found a runed translucent door.
  5732 | D:5      | Noticed Crazy Yiuf
  5805 | D:5      | Found an opulent altar of Gozag.
  5928 | D:5      | Found a radiant altar of Vehumet.
  5930 | D:5      | Found a transporter.
  5932 | D:5      | Found a transporter.
  5932 | D:5      | Noticed AverageBear's ghost (novice OpFi)
  5941 | D:5      | Became a worshipper of Vehumet
  6115 | D:5      | Found an iron altar of Okawaru.
  6307 | D:5      | Found a shimmering blue altar of Sif Muna.
  6317 | D:5      | Reached skill level 5 in Poison Magic
  6424 | D:5      | Got Sif Muna's Catalogue of the Salamander
  6576 | D:5      | Killed Crazy Yiuf
  6707 | D:6      | Noticed Pikel
  6738 | D:6      | Killed Pikel
  6739 | D:6      | Reached skill level 5 in Stealth
  6739 | D:6      | Reached XP level 9. HP: 73/73 MP: 9/18
  6820 | D:6      | Noticed an angel
  6823 | D:6      | Found a shimmering altar of Xom.
  6825 | D:6      | Found a glowing silver altar of Zin.
  6989 | D:6      | Noticed Prince Ribbit
  7000 | D:6      | Killed Prince Ribbit
  7001 | D:6      | Reached skill level 1 in Evocations
  7348 | D:6      | Learned a level 4 spell: Iskenderun's Mystic Blast
  7393 | D:7      | Found a hide-covered altar of Uskayaw.
  7610 | D:7      | Noticed a troll
  7617 | D:6      | Reached skill level 6 in Stealth
  7640 | D:6      | Killed a troll
  7641 | D:6      | Reached skill level 5 in Long Blades
  7641 | D:6      | Reached skill level 5 in Conjurations
  7721 | D:7      | Reached skill level 1 in Shields
  7756 | D:7      | Noticed a cyclops
  7757 | D:7      | Noticed a two-headed ogre
  7772 | D:7      | Killed a two-headed ogre
  7773 | D:7      | Reached skill level 7 in Stealth
  7773 | D:7      | Reached XP level 10. HP: 71/82 MP: 5/20
  7966 | D:7      | Killed a cyclops
  8047 | D:7      | Noticed a red ugly thing
  8047 | D:7      | Noticed a cyan ugly thing
  8342 | D:7      | Identified the +1 falchion of Action {drain, Fly rElec
                  | rPois rC-}
  8511 | D:7      | Found a runed translucent gate.
  8511 | D:7      | Found a runed translucent gate.
  8512 | D:7      | Found a runed translucent gate.
  8521 | D:7      | Noticed hikkokomori's ghost (novice MfGl)
  8550 | D:7      | Reached * piety under Vehumet
  8550 | D:7      | Offered knowledge of Freeze by Vehumet.
  8886 | D:7      | Found a burning altar of Makhleb.
  9345 | D:8      | Noticed a two-headed ogre
  9370 | D:8      | Killed a two-headed ogre
  9906 | D:8      | Found a stormy altar of Qazlal.
  9925 | D:8      | Found a broken altar of Ashenzari.
  9928 | D:8      | Reached XP level 11. HP: 76/90 MP: 20/22
  9943 | D:8      | Reached skill level 8 in Stealth
  9956 | D:8      | Reached ** piety under Vehumet
  9959 | D:8      | Offered knowledge of Searing Ray by Vehumet.
 10429 | D:8      | Offered knowledge of Dazzling Flash by Vehumet.
 10667 | D:8      | Learned a level 3 spell: Dazzling Flash
 10738 | D:9      | Reached *** piety under Vehumet
 10876 | D:9      | Noticed a six-headed hydra
 10892 | D:9      | Found a staircase to the Orcish Mines.
 11054 | D:9      | Identified the +6 plate armour of Freezing Joy {rN+ Dex+2}
 11198 | D:9      | Found a blossoming altar of Fedhas.
 11270 | D:10     | Entered Level 10 of the Dungeon
 11340 | D:10     | Reached skill level 10 in Poison Magic
 11377 | D:10     | Reached skill level 9 in Stealth
 11436 | D:10     | Offered knowledge of Airstrike by Vehumet.
 11549 | D:10     | You fall into a shaft and drop 2 floors!
 11554 | D:12     | Got the Dissertation on Allies and Curses
 11557 | D:12     | Noticed a boulder beetle
 11580 | D:11     | Noticed a two-headed ogre
 11602 | D:11     | Noticed a manticore
 11611 | D:11     | Killed a two-headed ogre
 11615 | D:11     | Killed a manticore
 11748 | D:11     | Noticed a manticore
 11795 | D:11     | Noticed a necromancer
 11813 | D:11     | Killed a necromancer
 12053 | D:11     | Reached **** piety under Vehumet
 12063 | D:11     | Offered knowledge of Lightning Bolt by Vehumet.
 12260 | D:11     | Noticed Maurice
 12326 | D:11     | Killed Maurice
 12327 | D:11     | Reached skill level 5 in Dodging
 12336 | D:11     | Learned a level 5 spell: Lightning Bolt
 12394 | D:11     | Killed a manticore
 12396 | D:11     | Noticed a manticore
 12407 | D:11     | Killed a manticore
 12452 | D:11     | Noticed a centaur warrior
 12456 | D:11     | Noticed a centaur warrior
 12463 | D:11     | Killed a centaur warrior
 12464 | D:11     | Reached skill level 10 in Stealth
 12464 | D:11     | Reached XP level 12. HP: 43/99 MP: 18/23
 12481 | D:11     | Killed a centaur warrior
 12533 | D:11     | Noticed a five-headed hydra
 12656 | D:11     | a five-headed hydra changed into a tyrant leech
 13066 | D:10     | Reached skill level 11 in Stealth
 13206 | D:10     | Found a staircase to the Lair.
 13466 | D:10     | Noticed a two-headed ogre
 13506 | D:10     | Killed a two-headed ogre
 13910 | D:9      | Killed a six-headed hydra
 14333 | Orc:1    | Entered Level 1 of the Orcish Mines
 14562 | D:9      | Reached ***** piety under Vehumet
 14586 | D:9      | Identified a scroll of acquirement
 14589 | D:9      | Acquired the ring of New Discoveries {Fly rN+ Int+3}
 14633 | Orc:1    | Offered knowledge of Iron Shot by Vehumet.
 14636 | Orc:1    | Found Lurainoi's Book Boutique.
 14648 | Orc:1    | Found a transporter.
 14661 | Orc:1    | Found Vudos's Assorted Antiques.
 14672 | Orc:1    | Bought a scroll of identify for 56 gold pieces
 14672 | Orc:1    | Bought a scroll of identify for 56 gold pieces
 14672 | Orc:1    | Bought a scroll labelled WIMOAV QEEDANY for 28 gold pieces
 14853 | Orc:1    | Found a transporter.
 14861 | Orc:1    | Noticed a stone giant
 14870 | Orc:1    | Noticed a two-headed ogre
 14874 | Orc:1    | Found a bloodstained altar of Trog.
 14875 | Orc:1    | Noticed jasper's ghost (journeyman DsWn)
 14882 | Orc:1    | Noticed a two-headed ogre
 15031 | Orc:2    | Entered Level 2 of the Orcish Mines
 15070 | Orc:2    | Noticed a boulder beetle
 15222 | Orc:1    | Learned a level 6 spell: Iron Shot
 15256 | Lair:1   | Entered Level 1 of the Lair of Beasts
 15337 | Lair:1   | Noticed Erica
 15383 | Lair:1   | Killed Erica
 15384 | Lair:1   | Reached skill level 12 in Stealth
 15469 | Lair:1   | Identified the +1 flail of the Unbearable God {drain,
                  | Dex+4}
 15752 | Lair:1   | Reached skill level 13 in Stealth
 16337 | Lair:2   | Reached skill level 5 in Fighting
 16337 | Lair:2   | Gained mutation: You can use your snake-like lower body to
                  | constrict enemies. [Naga growth]
 16337 | Lair:2   | Reached XP level 13. HP: 90/109 MP: 22/25
 17381 | Lair:3   | Reached skill level 14 in Stealth
 17388 | Lair:3   | Reached skill level 10 in Long Blades
 17411 | Lair:3   | Noticed Gastronok
 17519 | Lair:3   | Found a frozen archway.
 17527 | Lair:3   | Learned a level 4 spell: Flame Wave
 17633 | IceCv    | Entered an ice cave
 17699 | IceCv    | Offered knowledge of Yara's Violent Unravelling by Vehumet.
 18486 | IceCv    | Reached skill level 1 in Armour
 19086 | Lair:3   | Killed Gastronok
 19653 | Lair:3   | Found a hole to the Spider Nest.
 19718 | Lair:3   | Found a staircase to the Swamp.
 19931 | Lair:4   | Reached skill level 15 in Stealth
 19938 | Lair:4   | Reached XP level 14. HP: 79/120 MP: 26/26
 21432 | Lair:4   | Reached skill level 1 in Hexes
 21521 | Lair:5   | Entered Level 5 of the Lair of Beasts
 21686 | Lair:5   | Noticed a dire elephant
 22087 | Lair:5   | Found a viscous altar of Jiyva.
 22088 | Lair:5   | Found a staircase to the Slime Pits.
 22414 | Lair:5   | Reached skill level 1 in Earth Magic
 22616 | Lair:5   | Noticed a dire elephant
 22643 | Lair:5   | Identified the +3 falchion of Midsummer {vamp, *Slow rPois
                  | Stlth+}
 23876 | D:11     | Reached XP level 15. HP: 93/129 MP: 24/27
 24151 | D:12     | Reached skill level 16 in Stealth
 24898 | D:13     | Found a transporter.
 24901 | D:13     | Found a transporter.
 24905 | D:13     | Found a transporter.
 25167 | D:13     | Offered knowledge of Freezing Cloud by Vehumet.
 25176 | D:13     | Found a transporter.
 25724 | Orc:1    | Reached skill level 5 in Shields
 25979 | Orc:2    | Found a staircase to the Elven Halls.
 26093 | Orc:1    | Noticed Harold
 26276 | Orc:2    | Killed Harold
 26385 | Orc:1    | Found Fefeo's Book Shop.
 26781 | Orc:2    | Gained mutation: You are vulnerable to heat. (rF-) [a
                  | neqoxec]
 26783 | Orc:2    | Gained mutation: You are frail. (-10% HP) [a neqoxec]
 26809 | Orc:2    | Found Odier's Jewellery Boutique.
 26914 | Orc:2    | Found an ancient bone altar of Kikubaaqudgha.
 26916 | Orc:2    | Paralysed by an orc sorcerer for 3 turns
 27041 | Orc:2    | Noticed Erolcha
 27054 | Orc:2    | Killed Erolcha
 27062 | Orc:2    | Found a radiant altar of Vehumet.
 27198 | Orc:2    | Found Bonus's Magic Scroll Shop.
 27207 | Orc:2    | Bought a scroll of identify for 24 gold pieces
 27242 | Orc:2    | Found Leimao's Antique Weapon Shop.
 27276 | Orc:2    | Found Qoti's Distillery.
 27501 | Orc:2    | Lost mutation: You are vulnerable to heat. (rF-) [potion of
                  | mutation]
 27501 | Orc:2    | Lost mutation: You are frail. (-10% HP) [potion of
                  | mutation]
 27501 | Orc:2    | Gained mutation: Your muscles are strong. (Str +4, Int/Dex
                  | -1) [potion of mutation]
 27501 | Orc:2    | Gained mutation: You have hidden genetic potential. [potion
                  | of mutation]
 27678 | Orc:1    | Offered knowledge of Conjure Ball Lightning by Vehumet.
 27699 | Orc:1    | Killed jasper's ghost
 28080 | D:7      | Killed hikkokomori's ghost
 28308 | D:5      | Killed AverageBear's ghost
 28553 | D:14     | Found Jimun's General Store.
 28566 | D:14     | Reached skill level 17 in Stealth
 28729 | D:14     | Reached skill level 5 in Air Magic
 29075 | D:14     | Reached XP level 16. HP: 104/141 MP: 24/29
 29841 | D:14     | Found Bilao's Armour Emporium.
 30008 | D:14     | Found a gate to the Vaults.
 30598 | D:15     | Entered Level 15 of the Dungeon
 30817 | D:15     | Reached skill level 18 in Stealth
 31026 | D:15     | Found a staircase to the Depths.
 31625 | D:15     | Offered knowledge of Fireball by Vehumet.
 31649 | D:15     | Learned a level 5 spell: Fireball
 32207 | Spider:1 | Entered Level 1 of the Spider Nest
 32266 | Spider:1 | Gained mutation: You are robust. (+10% HP) [hidden
                  | potential]
 33841 | Spider:1 | Offered knowledge of Irradiate by Vehumet.
 34120 | Spider:1 | Reached skill level 19 in Stealth
 34632 | Spider:1 | Identified the +0 scale mail "Barcholidgh" {MP+9 Str+2
                  | Int-2}
 35196 | Spider:2 | Reached XP level 17. HP: 122/166 MP: 30/30
 36483 | Spider:3 | Found a corrupted altar of Lugonu.
 36654 | Spider:3 | Reached skill level 5 in Earth Magic
 36655 | Spider:3 | Found a one-way gate to the infinite horrors of the Abyss.
 37356 | Spider:2 | Offered knowledge of Starburst by Vehumet.
 38713 | Spider:4 | Entered Level 4 of the Spider Nest
 39171 | Spider:3 | Gained mutation: Your movements are slightly less
                  | encumbered by armour. (ER -2) [hidden potential]
 39171 | Spider:3 | Lost mutation: You have hidden genetic potential. [hidden
                  | potential expressed]
 40126 | Spider:4 | Reached skill level 10 in Spellcasting
 40303 | Spider:4 | Reached skill level 10 in Fighting
 40968 | Spider:4 | Paralysed by a jorogumo for 3 turns
 40982 | Spider:4 | Reached skill level 20 in Stealth
 41183 | Spider:4 | Reached ****** piety under Vehumet
 41183 | Spider:4 | Offered knowledge of Lehudib's Crystal Spear by Vehumet.
 41183 | Spider:4 | Offered knowledge of Shatter by Vehumet.
 41183 | Spider:4 | Offered knowledge of Ignition by Vehumet.
 41332 | Spider:4 | Got a gossamer rune of Zot
 42845 | Spider:4 | Reached XP level 18. HP: 140/174 MP: 29/32
 42928 | Spider:4 | Identified the orb of the True Pharaoh {light, MP-9 Int+3
                  | SInv}
 43392 | Swamp:1  | Entered Level 1 of the Swamp
 45064 | Swamp:2  | Killed from afar by a will-o-the-wisp

Illustrated notes

Levels and vault maps discovered:
D:1:      dpeg_arrival_leaves_temple_mockup, layout_basic, glass_columns_c
D:2:      layout_basic, minmay_misc_feat_ornament
D:3:      layout_rooms, nemelex_xobeh_ov_fountains_minmay,
          mainiacjoe_overflow_24_doors, kennysheep_orc_chapel, uniq_terence,
          uniq_sigmund, uniq_robin
D:4:      layout_basic, mainiacjoe_overflow_brackets,
          mainiacjoe_overflow_surrounded_room, general_overflow_altar,
          minmay_temple_entry_statues_fountains, kennysheep_small_circle
D:5:      layout_basic, led_sif_book, mainiacjoe_overflow_alcove_2,
          overflow_temple_1_default, mainiacjoe_overflow_boulevard,
          gammafunk_ghost_arena, uniq_edmund, uniq_crazy_yiuf_cottage,
          uniq_duvessa
D:6:      layout_loops_ring, grunt_temple_overflow_order_and_chaos_1,
          minmay_statues_item, eino_small_chamber_without_monster,
          uniq_prince_ribbit1, uniq_pikel
D:7:      layout_cave_pools, bloody_makhleb, nicolae_uskayaw_dance_studio,
          gammafunk_ghost_necromancy, serial_glass, glass_columns_a,
          glass_columns_a, minmay_the_grid_2x2 [minmay_the_grid_square_x,
          minmay_the_grid_zigzag_pyramid, minmay_the_grid_minigrid_large,
          minmay_the_grid_prize_four_corners]
D:8:      layout_loops_corners, chequers_temple_overflow_statue_of_worship,
          special_room [special_room_orc]
D:9:      layout_loops_ring, fedhas_altar_2, orc_0_dummy, dk_noncrumbling_4,
          chequers_serial_rivers_micro_a
D:10:     layout_roguey, grunt_lair_entry_orc_guard_hut
D:11:     minmay_ambush_box, layout_cave_pools, eino_house_with_fridge,
          uniq_maurice
D:12:     layout_basic, nicolae_concentric_dashed_squares_mild, kb_rosetta
D:13:     layout_rooms, nicolae_transporter_circle
D:14:     nicolae_cairo_tiling_large, layout_stronghold,
          lightli_vaults_fourway_checkpoint, serial_shops, shop,
          nicolae_stop_n_shop_1, corexii_corridor_pit
D:15:     hangedman_depths_entry_try_elsewhere_first, layout_rooms,
          fountainhead, grunt_ministairs_10, hangedman_parallel_progression
Temple:   nicolae_temple_superstar
Lair:1:   layout_roguey, nicolae_lair_grove_arrangements, serial_bayou_shore_a,
          uniq_erica
Lair:2:   layout_roguey, serial_bayou_pond_b
Lair:3:   layout_chaotic_city, minmay_swamp_entry_worms,
          hellmonk_spider_entry_life_and_decay, portal_ice_cave_demonic_guard,
          grunt_forest_large_clearings, uniq_gastronok
Lair:4:   layout_concentric_octagons, chequers_serial_rivers_room_b
Lair:5:   grunt_lair_end_beastmaster, layout_cave_pods,
          nicolae_slime_entry_slimehenge, nicolae_lair_grazing_beasts
          [nicolae_sub_lair_graze_edge, nicolae_sub_lair_graze_edge,
          nicolae_sub_lair_graze_edge, nicolae_sub_lair_graze_edge],
          grunt_megastairs_2, serial_bayou_shore_b
Swamp:1:  layout_basic_swamp, hangedman_swamp_cone, swamp_pool1,
          infiniplex_staircase_pool_2
Swamp:2:  layout_basic_swamp, nicolae_swamp_tree_isthmus, swamp_pool4
Spider:1: layout_chambers, nicolae_spider_circle_web
Spider:2: layout_spider_delve
Spider:3: layout_spider_delve, amcnicky_altar_lugonu_corruption
Spider:4: grunt_spider_rune_island, nicolae_spider_some_kinda_spiderbox
Orc:1:    layout_diamond_mine, gammafunk_ghost_wrathful_warriors, serial_shops,
          nicolae_shop_statue_plus, nicolae_shop_statue_plus,
          nicolae_shop_advertising_works [nicolae_subvault_shop_adworks],
          lemuel_statue_altar, uniq_harold
Orc:2:    kennysheep_orc_mage_school, layout_diamond_mine, rock_pile

Skill      XL: |  1  2  3  4  5  6  7  8  9 10 11 12 13 14 15 16 17 18 |
---------------+-------------------------------------------------------+-----
Dodging        | 2 3 4 5 6 7 8 9 |  9.0
Conjurations   | 2 3 4 5 6 7 8 9 |  9.2
Long Blades    | 1 2 3 4 5 6 8 9 11 12 13 14 | 14.9
Spellcasting   | 4 5 6 7 8 9 10 | 10.6
Poison Magic   | 2 4 6 8 9 11 12 13 | 13.0
Fighting       | 1 2 3 4 5 6 7 8 9 10 | 10.7
Stealth        | 4 5 7 10 13 15 17 19 20 | 20.6
Air Magic      | 1 2 3 4 5 |  5.9
Translocations | 2 |  2.9
Evocations     | 1 |  1.3
Shields        | 1 2 3 4 5 7 8 |  8.6
Armour         | 2 3 4 |  4.3
Hexes          | 1 |  1.1
Earth Magic    | 2 3 4 5 6 |  6.2
Throwing       | |  0.3
Summonings     | |  1.2
Fire Magic     | |  0.7

Action                     |  1- 3 |  4- 6 |  7- 9 | 10-12 | 13-15 | 16-18 || total
---------------------------+-------+-------+-------+-------+-------+-------++-------
  Melee: Dagger            |    33 |       |       |       |       |       ||    33
         Long sword        |    16 |    34 |   175 |   173 |       |       ||   398
         Punch             |     2 |     1 |     2 |    20 |    20 |       ||    45
         Falchion          |       |       |       |   609 |       |       ||   609
         Scimitar          |       |       |       |    62 |  1211 |  1496 ||  2769
         Constrict         |       |       |       |       |   229 |   296 ||   525
  Throw: Dart              |     2 |       |     2 |       |       |       ||     4
   Cast: Magic Dart        |   108 |    67 |   190 |   153 |    66 |    85 ||   669
         Mephitic Cloud    |       |     5 |    22 |    97 |   116 |   142 ||   382
         Blink             |       |       |     5 |     5 |     3 |    12 ||    25
         Iskenderun's Myst |       |       |     1 |    18 |     3 |       ||    22
         Dazzling Flash    |       |       |       |     3 |     8 |     2 ||    13
         Lightning Bolt    |       |       |       |     5 |    17 |     4 ||    26
         Flame Wave        |       |       |       |       |     3 |       ||     3
         Iron Shot         |       |       |       |       |       |    30 ||    30
         Fireball          |       |       |       |       |       |     1 ||     1
Ability: Spit Poison       |    10 |     9 |    31 |    60 |    15 |    20 ||   145
  Evoke: Wand              |       |       |    10 |    16 |     2 |       ||    28
    Use: Scroll            |       |       |     2 |    26 |     8 |     8 ||    44
         Potion            |       |       |       |     1 |     6 |     6 ||    13
   Stab: Confused          |       |     1 |    18 |   102 |   101 |   150 ||   372
         Sleeping          |       |     1 |       |    14 |    28 |    24 ||    67
         Invisible         |       |       |       |     2 |     3 |       ||     5
         Distracted        |       |       |       |     1 |     1 |     3 ||     5
         Petrified         |       |       |       |       |     1 |       ||     1
 Armour: Robe              |    21 |    13 |    47 |   162 |       |       ||   243
         Leather armour    |       |       |       |       |   263 |   364 ||   627
         Steam dragon scal |       |       |       |       |    14 |       ||    14
  Dodge: Dodged            |    57 |    32 |   176 |   564 |   795 |  1011 ||  2635
  Block: Other             |       |       |    29 |   166 |   162 |       ||   357
         Reflection        |       |       |       |     9 |     8 |    10 ||    27
         Buckler           |       |       |       |       |   208 |   832 ||  1040

Table legend: (Time is in decaauts)
 A = Elapsed time spent in this place.
 B = Non-inter-level travel time spent in this place.
 C = Inter-level travel time spent in this place.
 D = Time resting spent in this place.
 E = Time spent auto-exploring this place.
 F = Levels seen in this place.
 G = Mean time per level.
                   A        B        C        D        E       F      G
               +--------+--------+--------+--------+--------+-----+--------+
         Total |  52203 |  49914 |   2289 |   7284 |  30627 |  30 | 1740.1 |
       Dungeon |  24741 |  23410 |   1331 |   1484 |  16513 |  15 | 1649.4 |
        Temple |    169 |    167 |      2 |      0 |    148 |   1 |  169.0 |
          Lair |   8724 |   8131 |    593 |    303 |   5767 |   5 | 1744.8 |
         Swamp |   1846 |   1820 |     26 |    316 |   1047 |   2 |  923.0 |
   Spider Nest |  11909 |  11676 |    233 |   4104 |   5200 |   4 | 2977.2 |
  Orcish Mines |   3451 |   3348 |    103 |    341 |   1950 |   2 | 1725.5 |
      Ice Cave |   1360 |   1360 |      0 |    735 |      0 |   1 | 1360.0 |
               +--------+--------+--------+--------+--------+-----+--------+

Top non-repeatable levels by time:
Spider:3: 4058 daAuts
Spider:1: 3341 daAuts
Spider:4: 2575 daAuts
    D:14: 2407 daAuts
     D:7: 2306 daAuts
     D:5: 2244 daAuts
  Lair:5: 2142 daAuts
    D:11: 2044 daAuts
Spider:2: 1934 daAuts
     D:8: 1911 daAuts
   Orc:2: 1899 daAuts
  Lair:4: 1897 daAuts
  Lair:3: 1736 daAuts
    D:15: 1623 daAuts
     D:1: 1570 daAuts
